AoeStats
← Chiripa605

MegaRandom

507085063Analyzed
4v4 RM · 15d ago on Sep 16, 2026· 41m 57s· 8 players
Game mode
Random Map
Map size
Large (8 player)
Population
200
Speed
Normal
Resources
Standard
Victory
Conquest
Starting age
Dark Age
Ending age
Imperial Age
RankedLock teamsTeams togetherTeam positionsShared explorationLock speedFull tech treeHidden civsTurbo modeCheats
Victory
Defeat
🇨🇭 Georgians · Switzerland
1286
+16
🇺🇸 Hindustanis · United States
1259
+17
🇪🇸 Huns · Spain
1202
+19
🇮🇱 Magyars · Israel
1186
+20
🇺🇦 Slavs · Ukraine
1351
-20
🇦🇹 Mongols · Austria
1324
-20
🇲🇴 Poles · Macao SAR China
1230
-16
🇨🇳 Lithuanians · China
1224
-16
Chiripa605
0:36 Loom
10:02 Feudal Age
12:03 Double-Bit Axe
14:55 Fletching
17:08 Horse Collar
22:45 Castle Age
23:46 Bow Saw
26:41 Wheelbarrow
25:55 Town Watch
26:38 Scale Barding Armor
27:04 Bloodlines
26:54 Husbandry
34:21 Chain Barding Armor
35:27 Forging
36:37 Hand Cart
36:51 Gold Mining
41:31 Imperial Age
40:23 Scale Mail Armor
40:32 Squires
40:18 Arson
41:29 Chain Mail Armor
42:35 Conscription
Slingmachine
6:34 Loom
9:56 Feudal Age
10:22 Double-Bit Axe
13:02 Forging
16:54 Bloodlines
22:13 Castle Age
24:09 Wheelbarrow
23:46 Bow Saw
23:17 Horse Collar
25:05 Heavy Plow
30:47 Gold Mining
32:07 Caravan
32:55 Hand Cart
33:55 Gold Shaft Mining
33:29 Marauders
36:57 Imperial Age
34:37 Scale Barding Armor
35:11 Iron Casting
34:47 Husbandry
38:50 Elite Tarkan
39:51 Conscription
38:53 Light Cavalry
shalevwood
11:38 Feudal Age
12:16 Double-Bit Axe
13:47 Scale Barding Armor
14:23 Bloodlines
19:33 Gold Mining
24:08 Horse Collar
27:25 Wheelbarrow
31:25 Castle Age
31:32 Light Cavalry
32:36 Chain Barding Armor
32:33 Heavy Plow
33:30 Hand Cart
33:18 Husbandry
36:07 Gold Shaft Mining
40:02 Town Watch
40:10 Loom
41:14 Bow Saw
DerPuck
3:03 Loom
11:46 Feudal Age
12:55 Horse Collar
13:03 Double-Bit Axe
18:31 Wheelbarrow
21:53 Castle Age
20:33 Scale Barding Armor
20:39 Forging
21:49 Bloodlines
21:55 Town Watch
22:06 Gold Mining
25:18 Husbandry
27:45 Bow Saw
28:59 Hand Cart
29:55 Chain Barding Armor
32:47 Devotion
35:45 Imperial Age
34:24 Fletching
34:28 Guard Tower
34:37 Murder Holes
35:12 Bodkin Arrow
35:41 Svan Towers
36:20 Ballistics
40:14 Chemistry
39:26 Bracer
Skyle
9:46 Loom
11:32 Feudal Age
12:41 Double-Bit Axe
13:29 Horse Collar
20:09 Castle Age
22:29 Heavy Plow
24:39 Wheelbarrow
29:39 Hand Cart
32:37 Forging
34:50 Iron Casting
34:42 Scale Barding Armor
39:26 Imperial Age
37:13 Bow Saw
37:48 Chain Barding Armor
38:08 Fletching
38:44 Town Watch
39:40 Elite Boyar
41:28 Blast Furnace
41:43 Two-Man Saw
41:15 Crop Rotation
41:36 Gold Mining
IRON MIKE
0:36 Loom
9:11 Feudal Age
17:14 Double-Bit Axe
23:24 Castle Age
22:32 Gold Mining
22:48 Scale Barding Armor
22:54 Forging
25:31 Chain Barding Armor
26:01 Husbandry
30:33 Fletching
31:59 Scale Mail Armor
32:50 Squires
33:30 Bow Saw
33:32 Pikeman
36:34 Wheelbarrow
40:31 Imperial Age
39:11 Bodkin Arrow
40:19 Chain Mail Armor
40:40 Iron Casting
40:42 Ballistics
41:15 Bracer
42:18 Chemistry
Barbaren
0:28 Loom
0:40 Loom
13:41 Feudal Age
14:58 Gold Mining
16:11 Double-Bit Axe
16:59 Bloodlines
21:30 Wheelbarrow
21:55 Scale Barding Armor
23:07 Horse Collar
24:34 Stone Mining
29:16 Castle Age
28:49 Fletching
29:32 Forging
31:10 Heavy Plow
31:23 Bow Saw
31:38 Chain Barding Armor
31:01 Light Cavalry
31:44 Husbandry
34:52 Szlachta Privileges
36:13 Hand Cart
36:51 Iron Casting
36:01 Pikeman
36:41 Squires
IceFish
0:30 Loom
11:11 Feudal Age
12:00 Double-Bit Axe
12:47 Horse Collar
14:14 Forging
19:56 Castle Age
19:52 Scale Barding Armor
27:25 Husbandry
28:16 Heavy Plow
29:48 Wheelbarrow
30:24 Bloodlines
32:54 Chain Barding Armor
40:51 Imperial Age
Connection lost

Rejoining the realm…

Still unreachable

The connection could not be restored.

Session expired

The server has moved on; the page needs a fresh start.